Semilg, neutral female human Valkyrie --- --- ---- ------ --- ---.--------------.| |.. ..... ---------------|.-- |..................| |.. ....|=[!|..|...|...|..| |.....------------)| +..- ...|]?%|..|...|...|..| |.......| |.| |..| -..|...|.)|-|---|--..| |.....-.--- |.-----..| |..--|---|-..%..%...-| ----......-- ----........| I.-.............-----..| --......----...........| |......--+-...| |..| |.......||.....----...| -+------..{...| |...+ |..| ----....---....| +...| |.............| |...| |..| |..|...|....| |...| --+-.....---|-------------.|. --- ------.|-...----...--+-- |..-+-|..................-- ---.---- --- |.||.....|........| |..| |----...%--------..| |......---.-- |.|--....|..#.....----..| |%%.-...%|......|..| --..........--|.| --...|-....{[.......| |%%.|...)-)..._(|..| |.---........|.| |...--..|....#.....--------....|......|..| --- |..........-- |.......|-.....................|---------- ---.--.....<| |.......|--....................| -----.....| --------|.........--.|...------- ------- ---.--.|.--------- -------- Semilg the Fighter Experience level: 6 Strength: 25 Dexterity: 13 Constitution: 18 Intelligence: 11 Wisdom: 9 Charisma: 11 Health: 0(69) Energy: 18(18) Def: 14 Gold: 0 Moves: 4086 Dungeon seed: KucAdTIIKMG4rohu Game ID: Semilg_1631009713 Your Inventory: Weapons a - an uncursed +2 war hammer (weapon in hand) b - a blessed +0 dagger l - a blessed +2 mace x - 4 uncursed +0 darts C - an uncursed +0 crossbow L - an uncursed +0 axe M - an uncursed +2 dwarvish short sword Q - a blessed +0 aklys R - an uncursed +0 crossbow X - 5 uncursed +0 crossbow bolts Armor e - a blessed +3 small shield (being worn) n - an uncursed +0 pair of speed boots (being worn) u - an uncursed +0 dwarvish cloak v - a cursed -3 bronze plate mail (being worn) w - an uncursed +0 pair of iron shoes z - an uncursed +0 Hawaiian shirt (being worn) A - a blessed +1 pair of gauntlets of power (being worn) E - a blessed +4 dwarvish cloak F - an uncursed +0 orcish helm (being worn) N - an uncursed +0 orcish helm O - an uncursed +1 dwarvish cloak P - an uncursed +0 dwarvish iron helm U - an uncursed +0 dwarvish cloak V - an uncursed +1 pair of iron shoes Scrolls g - an uncursed scroll of water m - an uncursed scroll of blank paper p - an uncursed scroll of confuse monster s - an uncursed scroll of scare monster Spellbooks B - an uncursed spellbook of magic missile Potions d - an uncursed potion of extra healing j - a blessed potion of restore ability t - an uncursed potion of restore ability K - an uncursed potion of sleeping W - an uncursed potion of see invisible Wands c - an uncursed wand of cold (0:5) h - an uncursed wand of make invisible (0:7) i - an uncursed wand of enlightenment (0:14) Tools f - an uncursed oil lamp (0:1300) k - a cursed magic lamp y - an uncursed leash D - an uncursed wax candle (0:400) G - an uncursed tin whistle S - an uncursed can of grease (0:19) Z - an uncursed lock pick Gems o - an uncursed worthless piece of yellow glass q - 10 uncursed rocks r - an uncursed worthless piece of violet glass H - an uncursed luckstone I - an uncursed worthless piece of orange glass J - an uncursed worthless piece of red glass T - an uncursed worthless piece of green glass Y - an uncursed worthless piece of white glass Spells and supernatural/magical abilities: Name Level Category Fail Memory W - pray for help -- divine ? -- Your skills at the end: Miscellaneous Skills shield [Basic] wands [Basic] Weapon Skills dagger [Basic] hammer [Basic] Spellcasting Skills Final Attributes: You were fervently aligned. You were fire resistant. You were cold resistant. You were blinded. You could fly. You were very fast. You were lucky. You had extra luck. Bad luck did not time out for you. Good luck did not time out for you. You are dead. Vanquished creatures: a quantum mechanic a gnome mummy 2 apes a yellow light a bugbear 6 gnome lords 4 gnomish wizards a red naga hatchling a paper golem a puppy a kitten 10 dwarves an iguana a rothe a rabid rat a jitterbug 2 orc zombies a gas spore a hobbit 2 acid blobs 2 geckos 2 hobgoblins 3 cave spiders a green mold 26 gnomes 6 manes 3 jackals 5 newts a goblin 11 sewer rats 5 grid bugs 4 lichens 3 kobold zombies 112 creatures vanquished. Voluntary challenges: You did not adorn yourself with jewelry or accessories. You did not cause conflict. You were not invisible. You did not have reflection. You were not displaced. You had been an atheist until turn 3362. You used a wielded weapon 107 times, starting on turn 81. You did not apply a unicorn horn. You did not use plumbed fixtures. You did not drink any magical draughts. You read items or engraved 2 times, starting on turn 2750. You never genocided any monsters. You never polymorphed an object. You never changed form. You used no wishes. You never split a pudding. You never wrote Elbereth's name. You violated your moral code, losing 5 points of alignment, starting on turn 1155. Dungeon overview: The Dungeons of Doom: levels 1 to 4 Level 1 a long staircase Level 2 a general store stairs to The Gnomish Mines Level 3 Level 4 The Gnomish Mines: levels 3 to 6 Level 3 stairs to The Dungeons of Doom Level 4 Level 5 Level 6 <- You were here some shops, a temple to Tyr, a magic chest, some fountains, some trees History has recorded: On T:1 you entered the Dungeons of Doom to retrieve the Amulet of Yendor! On T:274 you reached level 2 of The Dungeons of Doom. On T:484 you reached level 1 of The Gnomish Mines. On T:600 you reached level 3 of The Dungeons of Doom. On T:745 you advanced to experience level 2. On T:787 you reached level 4 of The Dungeons of Doom. On T:826 you advanced to experience level 3. On T:1348 you advanced to experience level 4. On T:2179 you advanced to experience level 5. On T:2203 you reached level 2 of The Gnomish Mines. On T:2872 you reached level 3 of The Gnomish Mines. On T:3218 you advanced to experience level 6. On T:3362 you prayed to Odin. On T:3781 you reached level 4 of The Gnomish Mines. On T:3945 you entered the Minetown temple On T:3960 you opened a magic chest. On T:3965 you prayed to Odin. Score breakdown: Gold: 0 ( 0 points) Experience: 6 levels ( 500 points) Exploration: 6 levels ( 150 points) Discoveries: 24 items ( 1200 points) Variety of kills: 33 monsters ( 1650 points) Major goal: reached Minetown ( 500 points) Survival: died (score multiplied by 3) Total score: 12000 Latest messages: Something gets angry! You hit something. You hear the shrill sound of a guard's whistle. You hear a nearby zap. The magic missile whizzes by you! You have a sad feeling for a moment, then it passes. You hear a blast. You hear a nearby zap. The magic missile whizzes by you! You hear a blast. You hit something. You hear a nearby zap. The magic missile hits you! You hear a blast. You hit something. You hear a nearby zap. The magic missile hits you! You hear a blast. You hear a nearby zap. The magic missile hits you! You die... Tenor Tolan takes all your possessions. Final status: Farvel Semilg the Valkyrie, killed by a magic missile... You died in The Gnomish Mines on dungeon level 6 with 12000 points, and 0 pieces of gold, after 4086 moves. You were level 6 with a maximum of 69 hit points when you died.